 Dungeon Crawl Stone Soup version 0.22-a0-423-g4197694 (webtiles) character file.

108 Findor the Grave Robber (level 4, -5/27 HPs)
             Began as an Octopode Necromancer on May 23, 2018.
             Killed from afar by GameOver's ghost (6 damage)
             ... with a magic dart
             ... on level 3 of the Dungeon.
             The game lasted 00:04:14 (2812 turns).

Findor the Grave Robber (Octopode Necromancer)      Turns: 2812, Time: 00:04:15

Health: -5/27      AC:  1    Str:  7    XL:     4   Next: 87%
Magic:  7/7        EV: 13    Int: 18    God:
Gold:   156        SH:  3    Dex: 12    Spells: 3/8 levels left

rFire    . . .     SeeInvis +   n - +0 short sword (elec)
rCold    . . .     Gourm    +   h - +0 buckler
rNeg     . . .     Faith    .   (helmet restricted)
rPois    .         Spirit   .   o - amulet of the gourmand
rElec    .         Reflect  .   z - ring of see invisible
rCorr    .         Harm     .   (no ring)
MR       .....                  (no ring)
Stlth    +++.......             (no ring)
HPRegen  0.09/turn              (no ring)
MPRegen  0.10/turn              (no ring)
                                (no ring)
                                (no ring)

@: no status effects
A: almost no armour, stealthy swim, amphibious, 8 rings, constrict 8, camouflage
1, gelatinous body 1
a: no special abilities


You were on level 3 of the Dungeon.
You were not hungry.

You visited 1 branch of the dungeon, and saw 3 of its levels.

You collected 156 gold pieces.


Innate Abilities, Weirdness & Mutations

You cannot wear most types of armour.
You are very stealthy in the water. (Stealth+)
You are amphibious.
You can wear up to eight rings at the same time.
You can use your tentacles to constrict eight enemies at once.
Your skin changes colour to match your surroundings (Stealth+).
Your rubbery body absorbs attacks. (AC +1, EV +1)


   Skills:
 + Level 2.8 Dodging
 + Level 3.9 Stealth
 + Level 0.6 Shields
 + Level 2.5 Spellcasting
 * Level 4.8 Necromancy


You had 3 spell levels left.
You knew the following spells:

 Your Spells              Type           Power        Failure   Level  Hunger
a - Pain                  Necr           ###.         3%          1    #......
q - Vampiric Draining     Necr           ###.......   11%         3    ###....
z - Animate Skeleton      Necr           N/A          3%          1    #......

Your spell library contained the following spells:

 Spells                   Type           Power        Failure   Level  Hunger
 Animate Dead             Necr           N/A          34%         4    #####..
 Regeneration             Chrm/Necr      ##........   28%         3    ###....

Inventory:

Hand Weapons
 a - a +2 dagger of draining
   (You took it off a kobold on level 1 of the Dungeon)
 n - a +0 short sword of electrocution (weapon)
   (You found it on level 3 of the Dungeon)
Armour
 h - a +0 buckler (worn)
   (You found it on level 2 of the Dungeon)
Jewellery
 c - an uncursed amulet of guardian spirit
   (You found it on level 1 of the Dungeon)
 o - an amulet of the gourmand (around mantle)
   (You found it on level 3 of the Dungeon)
 z - a ring of see invisible (left tentacle)
   (You found it on level 3 of the Dungeon)
Wands
 i - a wand of enslavement (10)
   (You found it on level 2 of the Dungeon)
Scrolls
 d - a scroll of remove curse {unknown}
 e - 2 scrolls of identify {unknown}
 f - a scroll of random uselessness {unknown}
 g - a scroll of noise {unknown}
 j - 2 scrolls of teleportation {unknown}
 m - a scroll of enchant armour {unknown}
Comestibles
 b - 9 rations
 l - 5 chunks of flesh


Message History

You puncture the frilled lizard!
You kill the frilled lizard!
o - a large steel amulet Put on which piece of jewellery? (? for menu, Esc to quit)
You remove your amulet of guardian spirit.
You feel a craving for the dungeon's cuisine.
o - an amulet of the gourmand (around mantle) GameOver's ghost (novice Naga Wizard) comes into view.
It is wielding a weapon of flaming.
There is an open door here.
Press: ? - help, v - describe, . - travel
Here: GameOver's ghost, wielding a weapon of flaming (hasn't noticed you)
The floor.
Wield which item (- for none, * to show all)? (? for menu, Esc to quit)
You hear the crackle of electricity.
n - a +0 short sword of electrocution (weapon)
Casting: Pain (safe; 3% risk of failure)
Okay, then.
Unknown command.
GameOver's ghost turns its malevolent gaze towards you.
GameOver's ghost hits you. GameOver's ghost burns you.
You barely miss GameOver's ghost. Your squeeze misses GameOver's ghost.
GameOver's ghost hits you. GameOver's ghost burns you.
GameOver's ghost hits you!
* * * LOW HITPOINT WARNING * * *
GameOver's ghost burns you.
* * * LOW HITPOINT WARNING * * *
There is an open door here.
You close the door.
GameOver's ghost opens the door.
GameOver's ghost hits you but does no damage.
There is an open door here.
There is an open door here.
GameOver's ghost shouts, "You must not fail where I succeeded!"
GameOver's ghost casts a spell at you. The magic dart hits you!
* * * LOW HITPOINT WARNING * * *
It was a potion of curing.
You feel better.
GameOver's ghost points at you and mumbles some strange words.
The magic dart hits you!
* * * LOW HITPOINT WARNING * * *
You aren't carrying any potions.
Unknown command.
Evoke which item? (* to show all) (? for menu, Esc to quit)
Aiming: Enslavement
Press: ? - help, Shift-Dir - straight line, f - GameOver's ghost
Aim: GameOver's ghost, wielding a weapon of flaming (chance to defeat MR: 24%) GameOver's ghost resists with almost no effort.
GameOver's ghost says, "I was going to become a lich, but this is almost as good."
GameOver's ghost gestures at you while chanting.
The magic dart hits you!
You die...

..#.....#.....##.....# #.#......
###.....#.....##.....# #.#......
........#.....##..)..####.#......
## #....#.....##............#+###
####....#.....######.####.#.
............### #.## #.#.
######.###### #..# #
######.##############.###
................@.W.....#
.#####.##############...# .# #.#
##..# .# #.# ..# .#####.# #.#
#....#.###### .. .....'......#
... .....#.####.## ..#
.#####.#.....#


You could see GameOver's ghost.

Vanquished Creatures
  4 adders
  2 oozes (D:3)
  2 worms (D:2)
  A dart slug (D:2)
  An orc (D:3)
  A ball python (D:1)
  3 bats
  4 giant cockroaches
  8 goblins
  6 hobgoblins
  8 kobolds
  2 quokkas
  5 frilled lizards
  5 rats
52 creatures vanquished.

Notes
Turn   | Place    | Note
-------+----------+-------------------------------------------
     0 | D:1      | Findor the Octopode Necromancer began the quest for the Orb.
     0 | D:1      | Reached XP level 1. HP: 11/11 MP: 3/3
   361 | D:1      | Reached XP level 2. HP: 17/17 MP: 5/5
   406 | D:1      | Reached skill level 3 in Stealth
  1028 | D:2      | Reached XP level 3. HP: 10/21 MP: 1/6
  1045 | D:2      | HP: 4/21 [poisoned by an adder]
  1809 | D:2      | Found a sacrificial altar of Ru.
  1848 | D:2      | Reached XP level 4. HP: 26/27 MP: 7/7
  1956 | D:2      | Learned a level 1 spell: Animate Skeleton
  1960 | D:2      | Learned a level 3 spell: Vampiric Draining
  2769 | D:3      | Noticed GameOver's ghost (novice NaWz)
  2790 | D:3      | HP: 1/27 [GameOver's ghost/magic dart (9)]
  2809 | D:3      | HP: 1/27 [GameOver's ghost/magic dart (7)]
  2812 | D:3      | Killed from afar by GameOver's ghost

Vault maps used:
D:1:      minmay_arrival_widening_spiral_wide
D:2:      nicolae_ru_the_path_less_chosen
D:3:      first_ration, serial_bayou_ford_a

Action                   |  1- 3 |  4- 6 || total
-------------------------+-------+-------++-------
Melee: Dagger            |    46 |    34 ||    80
       Constrict         |     9 |    11 ||    20
       Tentacles         |     3 |     8 ||    11
       Short sword       |       |     1 ||     1
 Cast: Pain              |     8 |       ||     8
Evoke: Wand              |       |     1 ||     1
  Use: Potion            |       |     1 ||     1
 Stab: Sleeping          |    15 |    11 ||    26
  Eat: Chunk             |     3 |     3 ||     6
Armor: Skin              |     2 |     3 ||     5
Dodge: Dodged            |    21 |    11 ||    32
Block: Buckler           |       |     1 ||     1
